 Dungeon Crawl Stone Soup version 0.16.1 (webtiles) character file.

2638 ssspy the Covered (level 9, -2/71 HPs)
             Began as a Demonspawn Gladiator on Mar 18, 2015.
             Was a Believer of Dithmenos.
             Slain by an iguana (7 damage)
             ... on level 8 of the Dungeon on Mar 23, 2015.
             The game lasted 00:38:33 (6303 turns).

ssspy the Covered (Demonspawn Gladiator)            Turns: 6303, Time: 00:38:33

Health: -2/71      AC:  9    Str: 19    XL:     9   Next: 35%
Magic:  9/9        EV: 12    Int: 10    God:    Dithmenos [**....]
Gold:   393        SH:  0    Dex: 13    Spells: 1 memorised, 6 levels left

rFire  x . .     SeeInvis +     u - +2 war axe (venom)
rCold  + . .     Clarity  .     f - +0 scale mail
rNeg   . . .     SustAb   .     (no shield)
rPois  .         Gourm    .     (helmet restricted)
rElec  .         Spirit   .     (no cloak)
rCorr  .         Warding  .     (no gloves)
rMut   .         Stasis   .     r - +0 pair of boots
MR     .....                    (no amulet)
Stlth  ..........               n - ring of see invisible
                                l - ring of ice

@: wreathed by umbra, not resistant to hostile enchantments, extremely
unstealthy
A: antennae 2, spiny 2
a: Shadow Step, Renounce Religion


You were on level 8 of the Dungeon.
You worshipped Dithmenos.
Dithmenos was pleased with you.
You were very hungry.

You visited 2 branches of the dungeon, and saw 9 of its levels.

You collected 393 gold pieces.

Inventory:

Hand weapons
 a - a +0 war axe
 u - a +2 war axe of venom (weapon)
 y - a cursed +1 whip of freezing
 M - a +2 war axe of chopping
Missiles
 d - 3 throwing nets
 e - 56 stones
 h - 17 bolts of frost
 j - 16 poisoned needles
 k - 36 bolts
 o - 14 steel sling bullets
 v - 3 javelins of returning (quivered)
 F - 19 poisoned sling bullets
Armour
 f - a +0 scale mail (worn)
 r - a +0 pair of boots (worn)
 J - a +0 robe of cold resistance
Jewellery
 l - a ring of ice (left hand)
 m - an uncursed ring of teleportation
 n - a ring of see invisible (right hand)
 A - an uncursed amulet of guardian spirit {unknown}
 E - a cursed ring of loudness {unknown}
Magical devices
 g - a wand of random effects (32)
 i - a wand of hasting (5)
 w - a wand of frost (15)
 B - a wand of draining (3)
Scrolls
 q - 3 scrolls of remove curse
 z - 2 scrolls of teleportation
 G - 2 scrolls of fog {unknown}
 P - a scroll of torment {unknown}
Potions
 c - 3 potions of brilliance {unknown}
 p - 2 potions of invisibility {unknown}
 s - a potion of might
 t - a potion of magic {unknown}
 x - a potion of curing {unknown}
 C - 3 potions of restore abilities {unknown}
 D - a potion of poison {unknown}
 H - a potion of agility
 I - a potion of degeneration {unknown}
 K - a potion of heal wounds
Books
 L - an Akashic Record {highlevel, unknown}

   This book is beyond your current level of understanding.

   Spells                             Type                      Level
   a - Dispersal                      Translocation                6
   b - Controlled Blink               Translocation                7
   c - Malign Gateway                 Summoning/Translocation      7
   d - Disjunction                    Translocation                8
   e - Singularity                    Translocation                9
 N - a book of Transfigurations

   Spells                             Type                      Level
   a - Stoneskin                      Transmutation/Earth          2
   b - Irradiate                      Conjuration/Transmutation    5
   c - Statue Form                    Transmutation/Earth          6
   d - Hydra Form                     Transmutation                6
   e - Dragon Form                    Transmutation                7
Comestibles
 b - 2 fruits
 O - a beef jerky


   Skills:
 + Level 6.4 Fighting
 + Level 5.8 Axes
 - Level 2.4 Throwing
 * Level 7.0 Armour
 + Level 5.2 Dodging
 * Level 0.8 Transmutations
 * Level 1.1 Earth Magic


You had 6 spell levels left.
You knew the following spells:

 Your Spells              Type           Power        Failure   Level  Hunger
a - Stoneskin             Trmt/Erth      #.......     89%         2    ###....


Dungeon Overview and Level Annotations

Branches:
Dungeon (8/15)             Temple (1/1) D:4
   Lair: D:8-11

Altars:
Ashenzari
Cheibriados
Dithmenos
Elyvilon
Gozag
Kikubaaqudgha
Makhleb
Nemelex Xobeh
Okawaru
Qazlal
Ru
Sif Muna
Trog
Vehumet
Xom
Yredelemnul
Zin
The Shining One


Innate Abilities, Weirdness & Mutations

You have a pair of antennae on your head.
You are mostly covered in sharp spines.


Message History

You hit the orc.
You kill the orc!
Dithmenos accepts your kill.
A bat comes into view.
You see here a mace.
The bat hits you but does no damage.
You hit the iguana!
The iguana is almost dead.
The bat misses you.
The iguana hisses menacingly.
The iguana bites you!
* * * LOW HITPOINT WARNING * * *
You hit the iguana but do no damage.
The iguana is almost dead.
The bat hits you but does no damage. The iguana misses you.
The iguana barely misses you.
Your scale mail prevents you from hitting the iguana.
The iguana is almost dead.
The bat closely misses you. The iguana bites you!
You die...

.. . .... ... .....
..... ......
####.....
......###......<.
#..................
###)#.###..##.
#...l.........
#..@.(........
#b............
#....#.......
#....#.####.# ...
#....#.. .
....######'####.
.........#.# .
#.......#'####.#
#..............#..


You could see an iguana and a bat.

Vanquished Creatures
  Pikel (D:7)
  Grinder (D:6)
  A water moccasin (D:6)
  A centaur (D:6)
  A big kobold (D:5)
  6 ogres
  2 wyvern zombies
  A giant frog (D:3)
  3 scorpions (D:7)
  3 wights (D:8)
  2 crimson imps
  4 hounds
  3 orc priests
  4 worker ants
  A giant frog skeleton (D:5)
  An iguana (D:7)
  3 orc wizards (D:4)
  A mummy (D:8)
  Robin (D:3)
  6 adders
  3 gnolls
  A shadow imp (D:6)
  3 giant mites
  2 worms
  An adder skeleton (D:5)
  2 oozes (D:3)
  12 orcs
  A bat skeleton (D:5)
  15 goblins
  20 hobgoblins
  12 jackals
  13 kobolds
  A quokka (D:6)
  A ball python (D:3)
  10 bats
  2 giant cockroaches
  A giant cockroach zombie (D:5)
  5 giant geckos
  3 giant newts
  21 rats
  2 bushes (Temple)
  2 plants (Temple)
179 creatures vanquished.

Vanquished Creatures (others)
  A slave (D:7)
  A black bear (D:7)
  An orc (D:7)
  A bat (D:7)
4 creatures vanquished.

Grand Total: 183 creatures vanquished

Notes
Turn   | Place    | Note
--------------------------------------------------------------
     0 | D:1      | ssspy, the Demonspawn Gladiator, began the quest for the Orb.
     0 | D:1      | Reached XP level 1. HP: 16/16 MP: 1/1
    92 | D:1      | Reached skill level 3 in Axes
   159 | D:1      | Gained mutation: You are partially covered in sharp spines. [demonic ancestry]
   159 | D:1      | Reached XP level 2. HP: 12/22 MP: 2/2
   692 | D:2      | Reached XP level 3. HP: 23/27 MP: 3/3
   923 | D:2      | Reached skill level 1 in Armour
  1082 | D:2      | Gained mutation: You have a pair of small antennae on your head. [demonic ancestry]
  1082 | D:2      | Reached XP level 4. HP: 25/33 MP: 4/4
  1384 | D:3      | Noticed a giant frog
  1388 | D:3      | Killed a giant frog
  1415 | D:3      | Reached XP level 5. HP: 37/39 MP: 5/5
  1705 | D:3      | Noticed Robin
  1722 | D:3      | Killed Robin
  2488 | D:4      | Reached XP level 6. HP: 16/47 MP: 6/6
  3020 | D:4      | Found a staircase to the Ecumenical Temple.
  3027 | Temple   | Entered the Ecumenical Temple
  3175 | Temple   | Became a worshipper of Dithmenos the Shadowed
  3493 | D:4      | Noticed an ogre
  3507 | D:4      | Killed an ogre
  3507 | D:4      | Reached skill level 4 in Axes
  3595 | D:4      | Reached XP level 7. HP: 52/52 MP: 7/7
  3834 | D:5      | Entered Level 5 of the Dungeon
  4619 | D:6      | Upgraded the game from 0.16.0-14-g63f578d to 0.16.1
  4630 | D:6      | Gained mutation: You have a pair of antennae on your head. [demonic ancestry]
  4630 | D:6      | Reached XP level 8. HP: 25/61 MP: 8/8
  4705 | D:6      | Reached skill level 5 in Fighting
  4705 | D:6      | Reached skill level 5 in Axes
  4705 | D:6      | Reached skill level 5 in Armour
  4893 | D:6      | Noticed Grinder
  4911 | D:6      | HP: 2/62 [Grinder/nerve-wracking pain (6)]
  4917 | D:6      | Killed Grinder
  5047 | D:6      | Acquired Dithmenos' first power
  5312 | D:7      | Reached skill level 6 in Armour
  5422 | D:7      | Found a shattered altar of Ashenzari.
  5636 | D:7      | Noticed Pikel
  5649 | D:7      | Killed Pikel
  5649 | D:7      | Reached skill level 5 in Dodging
  5649 | D:7      | Gained mutation: You are mostly covered in sharp spines. [demonic ancestry]
  5649 | D:7      | Reached XP level 9. HP: 52/70 MP: 9/9
  5886 | D:7      | Learned a level 2 spell: Stoneskin
  6231 | D:8      | Reached skill level 7 in Armour
  6232 | D:8      | Reached skill level 1 in Earth Magic
  6303 | D:8      | Slain by an iguana

Action                   |  1- 3 |  4- 6 |  7- 9 || total
-------------------------+-------+-------+-------++-------
Melee: War axe           |    79 |   206 |   197 ||   482
Throw: Stone             |    51 |     2 |       ||    53
       Javelin           |       |       |     4 ||     4
Evoke: Wand              |       |       |     3 ||     3
  Use: Scroll            |     2 |     1 |     4 ||     7
       Potion            |     4 |       |       ||     4
  Eat: Bread ration      |       |     2 |       ||     2
       Fruit             |       |     1 |       ||     1
       Chunk             |       |     1 |     6 ||     7
